[ AOE2 MATCH · #473989365 ]
UnrankedDravidians vs Magyars
[ REPLAY ANALYSIS · EXTRACTED FROM THE RECORDED GAME ]
Feudal
11:11
Castle
—
Imperial
—
| APM avg | 13.3 |
| APM peak | 43 |
| eAPM avg | 8.0 |
| Villagers / military | 26 / 1 |
Focus
⚔️ 17.8% · 🌾 82.2%
Fishing Ship ×5 · Transport Ship ×1
Feudal
12:07
Castle
—
Imperial
—
| APM avg | 37.9 |
| APM peak | 53 |
| eAPM avg | 16.9 |
| Villagers / military | 35 / 0 |
Focus
⚔️ 20.8% · 🌾 79.2%
Fishing Ship ×6 · Unknown (2626) ×2
Feudal
11:03
Castle
—
Imperial
—
| APM avg | 26.8 |
| APM peak | 65 |
| eAPM avg | 11.9 |
| Villagers / military | 27 / 0 |
Focus
⚔️ 29.5% · 🌾 70.5%
Fishing Ship ×8
Feudal
10:51
Castle
—
Imperial
—
| APM avg | 50.2 |
| APM peak | 99 |
| eAPM avg | 23.8 |
| Villagers / military | 39 / 0 |
Focus
⚔️ 49.7% · 🌾 50.3%
Feudal
11:02
Castle
—
Imperial
—
| APM avg | 44.8 |
| APM peak | 76 |
| eAPM avg | 13.2 |
| Villagers / military | 28 / 1 |
Focus
⚔️ 12.7% · 🌾 87.3%
Fishing Ship ×4 · Fire Galley ×1
Feudal
11:00
Castle
—
Imperial
—
| APM avg | 91.0 |
| APM peak | 122 |
| eAPM avg | 40.7 |
| Villagers / military | 51 / 12 |
Focus
⚔️ 37.1% · 🌾 62.9%
Archer ×9 · Militia ×3 · Fishing Ship ×3 · Unknown (2626) ×2
Feudal
10:48
Castle
—
Imperial
—
| APM avg | 59.9 |
| APM peak | 88 |
| eAPM avg | 17.0 |
| Villagers / military | 24 / 0 |
Focus
⚔️ 13.1% · 🌾 86.9%
Fishing Ship ×3
Feudal
11:46
Castle
—
Imperial
—
| APM avg | 27.2 |
| APM peak | 56 |
| eAPM avg | 9.3 |
| Villagers / military | 22 / 0 |
Focus
⚔️ 16.5% · 🌾 83.5%
Fishing Ship ×2
Match map
Initial resources + every placement click. Lines = walls · curves = elevation contours. ◆ gold · ⬟ stone · ● berries · ✦ relic · ◌ wall gap
Your base· ✓ Closed at 12:00 · 0t walls · fragile
Xioeng's base· ✓ Closed at 12:00 · 4t walls · 1 gate(s) · fragile
Niros's base· ✓ Closed at 13:41 · 51t walls · fragile
omnomnomnivore's base· Open — unwalled flank
LuisDaniel123's base· ✓ Closed at 12:00 · 0t walls · fragile
PotatoSkimMilk's base· Open — unwalled flank
TestofOne's base· ✓ Closed at 12:00 · 0t walls · fragile
Jkk's base· Open — unwalled flank
Smoothed initial terrain · ◌ = detected wall gap · hover for details
Inputs per minute
— NoobProElite - - Xioeng
Build order — NoobProElite
45 actions detected in the replay
| 0:01 | Create | Villager (Male) ×4 |
| 0:02 | Build | House |
| 0:03 | Build | House |
| 1:27 | Create | Villager (Male) |
| 1:45 | Build | Lumber Camp |
| 1:56 | Create | Villager (Male) |
| 2:37 | Create | Villager (Male) |
| 2:56 | Create | Villager (Male) |
| 2:56 | Create | Villager (Male) |
| 3:18 | Create | Villager (Male) |
| 3:41 | Build | House |
| 3:42 | Build | House |
| 3:49 | Create | Villager (Male) |
| 4:15 | Create | Villager (Male) |
| 4:15 | Create | Villager (Male) |
| 4:40 | Build | Dock |
| 4:44 | Create | Villager (Male) |
| 5:08 | Create | Villager (Male) |
| 5:24 | Create | Fishing Ship |
| 5:35 | Create | Villager (Male) |
| 5:35 | Create | Villager (Male) |
| 6:06 | Research | Loom |
| 6:07 | Create | Fishing Ship |
| 6:20 | Create | Villager (Male) |
| 6:42 | Create | Fishing Ship |
| 6:55 | Create | Villager (Male) |
| 7:18 | Create | Villager (Male) |
| 7:19 | Create | Fishing Ship |
| 7:32 | Create | Villager (Male) |
| 8:03 | Create | Fishing Ship |
| 8:04 | Create | Villager (Male) |
| 8:04 | Create | Villager (Male) |
| 8:26 | Build | House |
| 8:26 | Build | House |
| 8:26 | Build | House |
| 8:58 | Research | Feudal Age |
| 9:04 | Build | Mill |
| 9:12 | Create | Transport Ship |
| 9:31 | Build | Mining Camp |
| 9:50 | Create | Villager (Male) |
| 9:50 | Create | Villager (Male) |
| 9:50 | Create | Villager (Male) |
| 10:16 | Build | House |
| 10:51 | Build | Outpost |
| 11:11 | Age | Feudal Age |
Build order — Xioeng
69 actions detected in the replay
| 0:02 | Build | House |
| 0:04 | Build | House |
| 0:05 | Create | Villager (Male) ×4 |
| 1:17 | Create | Villager (Male) |
| 1:17 | Create | Villager (Male) |
| 1:56 | Build | Lumber Camp |
| 1:57 | Create | Villager (Male) |
| 2:08 | Create | Villager (Male) |
| 2:08 | Create | Villager (Male) |
| 2:51 | Create | Villager (Male) |
| 3:08 | Build | House |
| 3:09 | Build | House |
| 3:18 | Create | Villager (Male) |
| 3:19 | Create | Villager (Male) |
| 3:19 | Create | Villager (Male) |
| 3:58 | Create | Villager (Male) |
| 4:19 | Create | Villager (Male) |
| 4:19 | Create | Villager (Male) |
| 4:44 | Build | Dock |
| 4:49 | Create | Villager (Male) |
| 4:49 | Create | Villager (Male) |
| 4:50 | Create | Villager (Male) |
| 5:24 | Create | Villager (Male) |
| 5:30 | Create | Fishing Ship |
| 5:49 | Create | Villager (Male) |
| 6:02 | Create | Villager (Male) |
| 6:06 | Build | House |
| 6:07 | Create | Fishing Ship |
| 6:26 | Create | Villager (Male) |
| 6:26 | Create | Villager (Male) |
| 6:33 | Build | Palisade Wall |
| 6:34 | Build | Palisade Wall |
| 6:45 | Create | Fishing Ship |
| 6:47 | Create | Villager (Male) |
| 7:07 | Create | Fishing Ship |
| 7:08 | Create | Villager (Male) |
| 7:57 | Build | House |
| 7:59 | Build | House |
| 8:01 | Create | Fishing Ship |
| 8:03 | Create | Villager (Male) |
| 8:16 | Build | House |
| 8:17 | Build | House |
| 8:18 | Build | House |
| 8:33 | Create | Villager (Male) |
| 8:40 | Build | Palisade Wall |
| 8:44 | Build | Palisade Wall |
| 9:08 | Create | Fishing Ship |
| 9:12 | Create | Villager (Male) |
| 9:38 | Build | Palisade Gate |
| 9:40 | Build | House |
| 9:57 | Research | Feudal Age |
| 10:21 | Build | Mining Camp |
| 11:11 | Build | Dock |
| 11:50 | Create | Villager (Male) |
| 12:07 | Age | Feudal Age |
| 12:08 | Create | Villager (Male) |
| 12:12 | Create | Unit 2626 |
| 12:21 | Build | Mill |
| 12:29 | Create | Unit 2626 |
| 12:35 | Create | Villager (Male) |
| 13:08 | Create | Villager (Male) |
| 13:10 | Build | Lumber Camp |
| 13:14 | Build | House |
| 13:16 | Build | House |
| 13:19 | Research | Loom |
| 13:33 | Build | Watch Tower |
| 13:51 | Create | Villager (Male) |
| 13:51 | Create | Villager (Male) |
| 13:58 | Research | Tech 906 |
Build order — Niros
61 actions detected in the replay
| 0:01 | Create | Villager (Male) ×4 |
| 0:02 | Build | House |
| 0:04 | Build | House |
| 1:24 | Create | Villager (Male) |
| 1:40 | Build | Lumber Camp |
| 1:53 | Create | Villager (Male) |
| 2:33 | Create | Villager (Male) |
| 2:33 | Create | Villager (Male) |
| 2:53 | Create | Villager (Male) |
| 3:23 | Create | Villager (Male) |
| 3:35 | Build | House |
| 3:51 | Create | Villager (Male) |
| 4:11 | Build | Dock |
| 4:23 | Create | Villager (Male) |
| 4:27 | Build | House |
| 4:54 | Create | Villager (Male) |
| 5:10 | Create | Fishing Ship |
| 5:10 | Create | Fishing Ship |
| 5:14 | Build | House |
| 5:23 | Create | Villager (Male) |
| 5:40 | Create | Fishing Ship |
| 5:49 | Create | Villager (Male) |
| 5:49 | Create | Villager (Male) |
| 5:49 | Create | Villager (Male) |
| 6:04 | Create | Villager (Male) |
| 6:13 | Create | Fishing Ship |
| 6:14 | Create | Fishing Ship |
| 6:33 | Create | Villager (Male) |
| 6:33 | Create | Villager (Male) |
| 6:41 | Create | Fishing Ship |
| 6:59 | Create | Villager (Male) |
| 6:59 | Create | Villager (Male) |
| 7:15 | Create | Villager (Male) |
| 7:23 | Create | Fishing Ship |
| 8:08 | Build | Dock |
| 8:14 | Create | Fishing Ship |
| 8:46 | Build | Mining Camp |
| 8:53 | Research | Feudal Age |
| 8:53 | Research | Feudal Age |
| 9:49 | Build | Lumber Camp |
| 10:00 | Build | Palisade Wall |
| 10:19 | Build | Palisade Wall |
| 10:20 | Build | Palisade Wall |
| 10:24 | Build | Palisade Wall |
| 10:28 | Build | Palisade Wall |
| 10:31 | Build | Palisade Wall |
| 10:48 | Build | Palisade Wall |
| 10:53 | Build | House |
| 11:03 | Age | Feudal Age |
| 11:07 | Create | Villager (Male) |
| 11:07 | Create | Villager (Male) |
| 11:07 | Create | Villager (Male) |
| 11:37 | Build | Mill |
| 11:51 | Build | Blacksmith |
| 12:16 | Research | Loom |
| 12:30 | Build | Market |
| 13:02 | Create | Villager (Male) |
| 13:41 | Research | Castle Age |
| 13:44 | Research | Double-Bit Axe |
| 13:45 | Research | Double-Bit Axe |
| 13:56 | Build | Barracks |
Build order — omnomnomnivore
58 actions detected in the replay
| 0:01 | Create | Villager (Male) |
| 0:01 | Create | Villager (Male) |
| 0:02 | Build | House |
| 0:03 | Build | House |
| 0:27 | Create | Villager (Male) |
| 0:28 | Create | Villager (Male) |
| 0:28 | Create | Villager (Male) |
| 1:20 | Create | Villager (Male) |
| 1:20 | Create | Villager (Male) |
| 1:50 | Create | Villager (Male) |
| 1:50 | Create | Villager (Male) |
| 2:26 | Create | Villager (Male) |
| 2:26 | Create | Villager (Male) |
| 2:36 | Create | Villager (Male) |
| 3:09 | Build | Lumber Camp |
| 3:21 | Create | Villager (Male) |
| 3:45 | Create | Villager (Male) |
| 3:48 | Create | Villager (Male) |
| 3:48 | Create | Villager (Male) |
| 4:06 | Build | House |
| 4:11 | Create | Villager (Male) |
| 4:16 | Create | Villager (Male) |
| 4:40 | Create | Villager (Male) |
| 5:11 | Research | Loom |
| 5:12 | Build | House |
| 5:20 | Create | Villager (Male) |
| 5:38 | Build | House |
| 5:58 | Create | Villager (Male) |
| 6:21 | Create | Villager (Male) |
| 6:26 | Build | Mill |
| 6:35 | Create | Villager (Male) |
| 6:43 | Create | Villager (Male) |
| 6:48 | Create | Villager (Male) |
| 7:42 | Create | Villager (Male) |
| 7:53 | Create | Villager (Male) |
| 8:04 | Create | Villager (Male) |
| 8:13 | Create | Villager (Male) |
| 8:18 | Build | Donjon |
| 8:41 | Research | Feudal Age |
| 9:16 | Build | House |
| 9:17 | Build | House |
| 9:37 | Create | Villager (Male) |
| 10:28 | Build | Mining Camp |
| 10:45 | Create | Villager (Male) |
| 10:51 | Age | Feudal Age |
| 10:53 | Research | Double-Bit Axe |
| 11:18 | Create | Villager (Male) |
| 11:38 | Build | Mining Camp |
| 11:43 | Create | Villager (Male) |
| 11:57 | Build | Lumber Camp |
| 12:19 | Create | Villager (Male) |
| 12:45 | Create | Villager (Male) |
| 13:14 | Build | Dock |
| 13:17 | Create | Villager (Male) |
| 13:54 | Create | Villager (Male) |
| 13:55 | Create | Villager (Male) |
| 14:05 | Create | Villager (Male) |
| 14:07 | Research | Horse Collar |
Build order — LuisDaniel123
53 actions detected in the replay
| 0:02 | Create | Villager (Male) |
| 0:02 | Create | Villager (Male) |
| 0:03 | Build | House |
| 0:04 | Build | House |
| 0:40 | Create | Villager (Male) |
| 0:40 | Create | Villager (Male) |
| 1:23 | Create | Villager (Male) |
| 1:52 | Build | Lumber Camp |
| 1:56 | Create | Villager (Male) |
| 2:30 | Create | Villager (Male) |
| 2:51 | Create | Villager (Male) |
| 3:19 | Create | Villager (Male) |
| 3:44 | Research | Loom |
| 3:55 | Build | House |
| 3:59 | Create | Villager (Male) |
| 4:26 | Create | Villager (Male) |
| 4:57 | Create | Villager (Male) |
| 5:22 | Build | Dock |
| 5:24 | Create | Villager (Male) |
| 5:50 | Create | Villager (Male) |
| 5:50 | Create | Villager (Male) |
| 5:59 | Build | Mill |
| 6:16 | Create | Villager (Male) |
| 6:16 | Create | Villager (Male) |
| 6:20 | Create | Fishing Ship |
| 6:27 | Build | House |
| 7:13 | Create | Fishing Ship |
| 7:25 | Create | Villager (Male) |
| 7:36 | Create | Fishing Ship |
| 7:50 | Build | House |
| 7:52 | Create | Villager (Male) |
| 8:12 | Create | Villager (Male) |
| 8:19 | Create | Fishing Ship |
| 8:52 | Research | Feudal Age |
| 9:25 | Build | Barracks |
| 10:31 | Create | Villager (Male) |
| 10:39 | Build | Mining Camp |
| 11:02 | Age | Feudal Age |
| 11:03 | Create | Fire Galley |
| 11:09 | Research | Double-Bit Axe |
| 11:10 | Create | Villager (Male) |
| 11:31 | Build | Lumber Camp |
| 11:33 | Create | Villager (Male) |
| 11:45 | Build | House |
| 12:00 | Create | Villager (Male) |
| 12:07 | Build | Archery Range |
| 12:24 | Create | Villager (Male) |
| 12:51 | Build | Blacksmith |
| 12:57 | Create | Villager (Male) |
| 13:19 | Create | Villager (Male) |
| 13:27 | Research | Gold Mining |
| 13:46 | Build | Archery Range |
| 13:56 | Create | Villager (Male) |
Build order — PotatoSkimMilk
101 actions detected in the replay
| 0:03 | Create | Villager (Male) |
| 0:04 | Create | Villager (Male) |
| 0:04 | Create | Villager (Male) |
| 0:05 | Build | House |
| 0:07 | Build | House |
| 0:26 | Create | Villager (Male) |
| 0:26 | Create | Villager (Male) |
| 1:26 | Create | Villager (Male) |
| 2:01 | Create | Villager (Male) |
| 2:01 | Create | Villager (Male) |
| 2:25 | Create | Villager (Male) |
| 2:26 | Create | Villager (Male) |
| 2:51 | Create | Villager (Male) |
| 2:51 | Create | Villager (Male) |
| 2:51 | Create | Villager (Male) |
| 3:00 | Create | Villager (Male) |
| 3:00 | Create | Villager (Male) |
| 3:00 | Create | Villager (Male) |
| 3:00 | Create | Villager (Male) |
| 3:15 | Create | Villager (Male) |
| 3:15 | Create | Villager (Male) |
| 3:31 | Build | Lumber Camp |
| 3:39 | Create | Villager (Male) |
| 3:39 | Create | Villager (Male) |
| 3:40 | Create | Villager (Male) |
| 4:12 | Create | Villager (Male) |
| 4:12 | Create | Villager (Male) |
| 4:24 | Create | Villager (Male) |
| 4:25 | Create | Villager (Male) |
| 4:25 | Create | Villager (Male) |
| 4:25 | Create | Villager (Male) |
| 4:26 | Build | House |
| 5:08 | Create | Villager (Male) |
| 5:08 | Create | Villager (Male) |
| 5:09 | Create | Villager (Male) |
| 5:23 | Create | Villager (Male) |
| 5:26 | Build | House |
| 5:32 | Create | Villager (Male) |
| 5:32 | Create | Villager (Male) |
| 5:52 | Create | Villager (Male) |
| 5:52 | Create | Villager (Male) |
| 5:53 | Create | Villager (Male) |
| 5:59 | Build | Dock |
| 6:31 | Build | House |
| 6:44 | Create | Fishing Ship |
| 6:44 | Create | Fishing Ship |
| 6:47 | Create | Villager (Male) |
| 6:47 | Create | Villager (Male) |
| 6:56 | Create | Villager (Male) |
| 6:56 | Create | Villager (Male) |
| 7:08 | Build | House |
| 7:09 | Build | Palisade Wall |
| 7:17 | Create | Villager (Male) |
| 7:23 | Create | Fishing Ship |
| 7:41 | Create | Villager (Male) |
| 7:57 | Build | Palisade Wall |
| 7:58 | Build | Palisade Wall |
| 8:00 | Build | Palisade Wall |
| 8:03 | Research | Loom |
| 8:18 | Build | Mill |
| 8:50 | Research | Feudal Age |
| 9:05 | Build | House |
| 9:12 | Build | Barracks |
| 9:34 | Build | Mining Camp |
| 9:48 | Build | House |
| 9:56 | Create | Militia |
| 9:56 | Create | Militia |
| 9:56 | Create | Militia |
| 10:22 | Build | House |
| 10:58 | Build | House |
| 11:00 | Age | Feudal Age |
| 11:02 | Create | Villager (Male) |
| 11:12 | Build | House |
| 11:18 | Research | Man-at-Arms (upgrade) |
| 11:29 | Build | Archery Range |
| 11:32 | Create | Villager (Male) |
| 11:34 | Create | Unit 2626 |
| 11:35 | Create | Unit 2626 |
| 11:38 | Build | House |
| 11:42 | Create | Villager (Male) |
| 11:56 | Create | Villager (Male) |
| 12:02 | Research | Arson |
| 12:14 | Create | Archer |
| 12:14 | Create | Archer |
| 12:23 | Build | House |
| 12:26 | Build | Blacksmith |
| 12:34 | Create | Archer |
| 12:51 | Create | Villager (Male) |
| 13:02 | Research | Fletching |
| 13:15 | Create | Archer |
| 13:15 | Create | Archer |
| 13:15 | Create | Archer |
| 13:24 | Build | Watch Tower |
| 13:26 | Create | Archer |
| 13:29 | Create | Villager (Male) |
| 13:46 | Build | House |
| 13:51 | Create | Archer |
| 13:51 | Create | Archer |
| 14:01 | Create | Villager (Male) |
| 14:01 | Create | Villager (Male) |
| 14:05 | Build | House |
Build order — TestofOne
41 actions detected in the replay
| 0:01 | Create | Villager (Male) |
| 0:02 | Create | Villager (Male) |
| 0:02 | Create | Villager (Male) |
| 0:03 | Build | House |
| 0:04 | Build | House |
| 0:24 | Research | Loom |
| 0:25 | Research | Loom |
| 0:53 | Create | Villager (Male) |
| 1:21 | Create | Villager (Male) |
| 1:52 | Create | Villager (Male) |
| 2:11 | Build | Lumber Camp |
| 2:32 | Create | Villager (Male) |
| 2:55 | Create | Villager (Male) |
| 3:17 | Create | Villager (Male) |
| 4:06 | Create | Villager (Male) |
| 4:13 | Create | Villager (Male) |
| 4:55 | Build | House |
| 5:11 | Build | Dock |
| 5:15 | Create | Villager (Male) |
| 5:15 | Create | Villager (Male) |
| 5:35 | Create | Villager (Male) |
| 6:13 | Create | Villager (Male) |
| 6:27 | Create | Villager (Male) |
| 6:36 | Create | Fishing Ship |
| 7:00 | Create | Villager (Male) |
| 7:35 | Create | Villager (Male) |
| 7:39 | Create | Fishing Ship |
| 7:41 | Create | Villager (Male) |
| 7:53 | Create | Villager (Male) |
| 8:29 | Build | House |
| 8:38 | Research | Feudal Age |
| 8:48 | Create | Fishing Ship |
| 8:52 | Build | House |
| 9:15 | Create | Villager (Male) |
| 9:22 | Build | Mill |
| 10:25 | Build | Barracks |
| 10:45 | Create | Villager (Male) |
| 10:48 | Age | Feudal Age |
| 10:51 | Create | Villager (Male) |
| 11:26 | Build | Stable |
| 12:01 | Create | Villager (Male) |
Build order — Jkk
40 actions detected in the replay
| 0:05 | Build | House |
| 0:06 | Build | House |
| 0:16 | Create | Villager (Male) |
| 0:17 | Create | Villager (Male) |
| 0:54 | Create | Villager (Male) |
| 1:18 | Create | Villager (Male) |
| 1:34 | Create | Villager (Male) |
| 1:37 | Build | House |
| 2:07 | Build | Lumber Camp |
| 2:13 | Create | Villager (Male) |
| 2:32 | Research | Loom |
| 2:56 | Create | Villager (Male) |
| 3:23 | Create | Villager (Male) |
| 3:28 | Create | Villager (Male) |
| 3:28 | Create | Villager (Male) |
| 3:49 | Create | Villager (Male) |
| 4:26 | Build | House |
| 4:43 | Create | Villager (Male) |
| 5:05 | Create | Villager (Male) |
| 5:06 | Create | Villager (Male) |
| 5:28 | Create | Villager (Male) |
| 5:42 | Create | Villager (Male) |
| 5:49 | Build | Mill |
| 6:41 | Create | Villager (Male) |
| 6:56 | Build | Dock |
| 7:01 | Build | House |
| 7:04 | Create | Villager (Male) |
| 7:28 | Create | Villager (Male) |
| 7:43 | Create | Villager (Male) |
| 7:52 | Create | Fishing Ship |
| 8:04 | Build | House |
| 8:20 | Build | Mining Camp |
| 8:35 | Create | Villager (Male) |
| 8:42 | Create | Fishing Ship |
| 9:04 | Create | Villager (Male) |
| 9:36 | Research | Feudal Age |
| 9:36 | Research | Feudal Age |
| 9:44 | Build | House |
| 9:49 | Build | Barracks |
| 11:46 | Age | Feudal Age |
Match timeline
| 4:11 | Niros · first_building Dock |
| 4:40 | NoobProElite · first_building Dock |
| 4:44 | Xioeng · first_building Dock |
| 5:11 | TestofOne · first_building Dock |
| 5:22 | LuisDaniel123 · first_building Dock |
| 5:59 | PotatoSkimMilk · first_building Dock |
| 6:33 | Xioeng · wall_segment Palisade Wall x1 |
| 6:34 | Xioeng · wall_segment Palisade Wall x1 |
| 6:56 | Jkk · first_building Dock |
| 7:09 | PotatoSkimMilk · wall_segment Palisade Wall x1 |
| 7:57 | PotatoSkimMilk · wall_segment Palisade Wall x1 |
| 7:58 | PotatoSkimMilk · wall_segment Palisade Wall x1 |
| 8:00 | PotatoSkimMilk · wall_segment Palisade Wall x4 |
| 8:18 | omnomnomnivore · first_building Donjon |
| 8:40 | Xioeng · wall_segment Palisade Wall x1 |
| 8:44 | Xioeng · wall_segment Palisade Wall x1 |
| 9:12 | PotatoSkimMilk · first_building Barracks |
| 9:25 | LuisDaniel123 · first_building Barracks |
| 9:49 | Jkk · first_building Barracks |
| 10:00 | Niros · wall_segment Palisade Wall x11 |
| 10:19 | Niros · wall_segment Palisade Wall x8 |
| 10:20 | Niros · wall_segment Palisade Wall x12 |
| 10:24 | Niros · wall_segment Palisade Wall x8 |
| 10:25 | TestofOne · first_building Barracks |
| 10:28 | Niros · wall_segment Palisade Wall x5 |
| 10:31 | Niros · wall_segment Palisade Wall x7 |
| 10:48 | Niros · wall_segment Palisade Wall x5 |
| 10:48 | TestofOne · age_up feudal |
| 10:51 | omnomnomnivore · age_up feudal |
| 11:00 | PotatoSkimMilk · age_up feudal |
| 11:02 | LuisDaniel123 · age_up feudal |
| 11:03 | Niros · age_up feudal |
| 11:11 | NoobProElite · age_up feudal |
| 11:26 | TestofOne · first_building Stable |
| 11:29 | PotatoSkimMilk · first_building Archery Range |
| 11:46 | Jkk · age_up feudal |
| 12:07 | Xioeng · age_up feudal |
| 12:07 | LuisDaniel123 · first_building Archery Range |
| 12:29 | Jkk · resign |
| 13:14 | omnomnomnivore · first_building Dock |
| 13:37 | Niros · first_market_buy 100 food |
| 13:56 | Niros · first_building Barracks |
[ AI ANALYSIS · 1 CREDIT ]
What really happened in this match?
Wolo.gg analyzes every decision: build order, eco, micro, common mistakes by bracket. Personalized analysis on WhatsApp or Discord in 30 seconds.
Civ guide
Dravidians
Perfil
Jugador #15654021